 Dungeon Crawl Stone Soup version 0.24.0-10-g970556be89 (webtiles) character file.

Game seed: 2954979277328479963, levelgen mode: classic

9651 EnegeticOcto the Cleaver (level 11, 0/110 HPs)
             Began as a Naga Air Elementalist on Nov 1, 2019.
             Was an Initiate of Gozag.
             Slain by a 15-headed hydra (11 damage)
             ... on level 11 of the Dungeon on Nov 3, 2019.
             The game lasted 00:19:41 (14281 turns).

EnegeticOcto the Cleaver (Naga Air Elementalist)   Turns: 14281, Time: 00:19:41

Health: 0/110      AC: 22    Str: 21    XL:     11   Next: 49%
Magic:  14/14      EV: 13    Int: 16    God:    Gozag
Gold:   2418       SH: 14    Dex: 17    Spells: 8/14 levels left

rFire    . . .     SeeInvis +   c - +2 war axe (protect)
rCold    . . .     Gourm    .   m - +0 large shield {AC+3}
rNeg     . . .     Faith    .   l - +3 leather armour of Blue Skies {Str+3}
rPois    +         Spirit   .   h - +2 helmet
rElec    +         Reflect  .   b - +0 cloak
rCorr    +         Harm     .   (no gloves)
MR       +....                  (no barding)
Stlth    +++.......             p - amulet of rage
HPRegen  0.28/turn              v - ring of resist corrosion
MPRegen  0.14/turn              (no ring)

@: mighty, agile, gold aura, protection aura, berserk cooldown, slowed, very
slow
A: large, see invisible, deformed body, poison resistance, electricity
resistance, slowness 2, slow metabolism 1, spit poison 2, AC +3
a: Breathe Poison Gas, Potion Petition, Call Merchant, Bribe Branch, Renounce
Religion, Evoke Berserk Rage


You were on level 11 of the Dungeon.
You worshipped Gozag.
Gozag was most pleased with you.
You were very hungry.

You visited 2 branches of the dungeon, and saw 12 of its levels.
You also visited: Ossuary and Bailey.

You collected 2446 gold pieces.
You paid 28 gold pieces to Gozag.

Inventory:

Hand Weapons
 c - a +2 war axe of protection (weapon)
 A - a +2 antimagic hand axe
Armour
 b - a +0 cloak (worn)
 d - a +0 scale mail
 g - +2 ice dragon scales
 h - a +2 helmet (worn)
 l - the +3 leather armour of Blue Skies (worn) {Str+3}
   (You found it on level 8 of the Dungeon)

   It affects your strength (+3).
 m - a +0 large shield of protection (worn)
Jewellery
 p - an amulet of rage (around neck)
 v - a ring of resist corrosion (left hand)
Wands
 n - a wand of flame (24)
 r - a wand of polymorph (1)
Scrolls
 t - a scroll of brand weapon
 u - 4 scrolls of remove curse {@r2}
 x - 6 scrolls of teleportation {@r3 !r}
 y - a scroll of blinking {@r4}
 B - a scroll of identify {@r1}
Potions
 a - a potion of ambrosia
 f - a potion of lignification {unknown}
 j - a potion of brilliance {unknown}
 k - a potion of resistance
 o - a potion of cancellation
 q - 3 potions of curing {@q1 !q}
 s - a potion of mutation
 w - a potion of agility {@q5 !q}
 z - 2 potions of might {@q3 !q}
Comestibles
 e - 16 rations


   Skills:
 + Level 10.5 Fighting
 * Level 11.4 Axes
 + Level 3.5 Armour
 + Level 4.0 Dodging
 - Level 3.0 Stealth
 + Level 2.9 Shields
 - Level 2.0 Spellcasting
 - Level 1.0 Conjurations
 - Level 3.0 Air Magic
 + Level 3.4 Evocations


You had 8 spell levels left.
You knew the following spells:

 Your Spells              Type           Power        Failure   Level  Hunger
a - Shock                 Conj/Air       #...         82%         1    #......
b - Static Discharge      Conj/Air       #.......     99%         3    ###....
c - Swiftness             Chrm/Air       #.......     95%         2    ###....

Your spell library contained the following spells:

 Spells                   Type           Power        Failure   Level  Hunger
 Sandblast                Erth           #.....       97%         1    #......
 Passwall                 Tmut/Erth      #.......     99%         2    ###....
 Stone Arrow              Conj/Erth      #.....       100%        3    ###....
 Airstrike                Air            ##........   100%        4    #####..
 Petrify                  Tmut/Erth      #.......     100%        4    #####..
 Lee's Rapid Deconstruct  Erth           #.........   100%        5    ######.
 Lightning Bolt           Conj/Air       #.........   100%        5    ######.


Dungeon Overview and Level Annotations

Branches:
Dungeon (11/15)            Temple (1/1) D:4            Lair (0/6) D:9
    Orc (0/2) D:9         Ossuary (visited)          Bailey (visited)

Altars:
Cheibriados
Dithmenos
Elyvilon
Fedhas
Gozag
Nemelex Xobeh
Okawaru
Qazlal
Ru
Trog
Uskayaw
Vehumet
Wu Jian
Xom
Yredelemnul
Zin
The Shining One

Portals:
Ice
Cave: D:11


Innate Abilities, Weirdness & Mutations

You cannot wear boots.
Your serpentine skin is tough. (AC +3)
You have supernaturally acute eyesight. (SInv)
Armour fits poorly on your strangely shaped body.
Your system is resistant to poisons. (rPois)
You cover ground very slowly.
You have a slow metabolism.
You can exhale a cloud of poison.
You are resistant to electric shocks. (rElec)


Message History

The ice beast is no longer distracted by gold.
The ten-headed hydra closely misses you.
The ten-headed hydra bites you.
You block the ten-headed hydra's attack.
The ten-headed hydra bites you but does no damage.
The ten-headed hydra completely misses you.
The ten-headed hydra bites you but does no damage.
The ten-headed hydra closely misses you.
The ten-headed hydra bites you but does no damage.
You block the ten-headed hydra's attack.
The ten-headed hydra bites you but does no damage.
You barely miss the ten-headed hydra.
The ten-headed hydra is moderately wounded.
You barely miss the ice beast.
You block the ten-headed hydra's attack. x3
The ten-headed hydra bites you!
The ten-headed hydra bites you but does no damage.
The ten-headed hydra barely misses you. The ten-headed hydra bites you!
The ten-headed hydra closely misses you.
The ten-headed hydra bites you but does no damage.
The ten-headed hydra closely misses you.
The ice beast barely misses you.
You lop one of the ten-headed hydra's heads off!
The nine-headed hydra grows two more!
You slash the 11-headed hydra!
The 11-headed hydra is moderately wounded.
You completely miss the ice beast.
The ice beast becomes distracted by the nearby gold, dreaming of imaginary riches. x2
The 11-headed hydra bites you but does no damage.
You block the 11-headed hydra's attack. x3
The 11-headed hydra bites you but does no damage. x2
The 11-headed hydra bites you!
The 11-headed hydra bites you but does no damage.
The 11-headed hydra closely misses you.
The 11-headed hydra bites you but does no damage.
The 11-headed hydra bites you!
You lop one of the 11-headed hydra's heads off!
The ten-headed hydra grows two more!
You slice the 12-headed hydra!!
The 12-headed hydra is heavily wounded.
You slash the ice beast! You block the ice beast's attack.
You slice one of the 12-headed hydra's heads off!
The 11-headed hydra grows two more!
You slice the 13-headed hydra!!
The 13-headed hydra is severely wounded.
You closely miss the ice beast.
The orc wizard is no longer distracted by gold.
The 13-headed hydra closely misses you. The 13-headed hydra barely misses you.
The 13-headed hydra bites you but does no damage. x2
The 13-headed hydra barely misses you. You block the 13-headed hydra's attack.
The 13-headed hydra closely misses you.
The 13-headed hydra bites you but does no damage.
You block the 13-headed hydra's attack.
The 13-headed hydra bites you but does no damage.
The 13-headed hydra bites you!
The 13-headed hydra bites you but does no damage. x2
You block the ice beast's attack.
You slice one of the 13-headed hydra's heads off!
The 12-headed hydra grows two more!
You slash the 14-headed hydra!
The 14-headed hydra is severely wounded.
You slash the ice beast!
You are no longer berserk.
You are exhausted.
You feel yourself slow down. You block the 14-headed hydra's attack.
The 14-headed hydra closely misses you.
The 14-headed hydra bites you but does no damage.
You block the 14-headed hydra's attack. x2
The 14-headed hydra bites you but does no damage. x2
The 14-headed hydra barely misses you. The 14-headed hydra bites you!
* * * LOW HITPOINT WARNING * * *
The 14-headed hydra misses you. The 14-headed hydra closely misses you.
The 14-headed hydra barely misses you. The 14-headed hydra misses you.
The 14-headed hydra closely misses you.
Really quaff
i - a potion of heal wounds {@q2 !q}?
You feel much better.
The ice beast is no longer distracted by gold. x2
The ice beast barely misses you.
You block the 14-headed hydra's attack. x2
The 14-headed hydra bites you. x2
The 14-headed hydra bites you but does no damage.
The 14-headed hydra bites you! The 14-headed hydra bites you. x2
The 14-headed hydra misses you.
The 14-headed hydra barely misses you. x2
The 14-headed hydra bites you.
* * * LOW HITPOINT WARNING * * *
The 14-headed hydra bites you but does no damage.
You block the 14-headed hydra's attack.
The shadow becomes distracted by the nearby gold, dreaming of imaginary riches.
The ice beast hits you but does no damage.
You lop one of the 14-headed hydra's heads off!
The 13-headed hydra grows two more!
You slice the 15-headed hydra!!
The 15-headed hydra is almost dead.
You slash the ice beast!
You kill the ice beast!
Your Dodging skill increases to level 4!
The 15-headed hydra closely misses you. You block the 15-headed hydra's attack.
The 15-headed hydra closely misses you. The 15-headed hydra bites you!
* * * LOW HITPOINT WARNING * * *
You block the 15-headed hydra's attack. The 15-headed hydra closely misses you.
The 15-headed hydra bites you!
* * * LOW HITPOINT WARNING * * *
The 15-headed hydra closely misses you. You block the 15-headed hydra's attack.
The 15-headed hydra bites you!
You die...
Your body crumbles into a pile of gold.

### #'# #####+## ##... $..
###+## #......# #.'... .....
.....### #......# #............#
.....')# #......# ........W....#
..^..#)###......# YY.∩.........#
.....#...'......##YW...........#
.....#####......#$YYo.... .....#
#......@D####... .....#
#......### .....# #......#
.....# ######## ######


You could see a 15-headed hydra, 5 ice beasts, a shadow (invisible) and an orc
wizard.

Vanquished Creatures
  Snorg (D:10)
  An ugly thing (D:11)
  A troll (D:9)
  A hippogriff (D:10)
  Sigmund (D:2)
  5 yaks (D:9)
  3 wargs (D:9)
  A water moccasin (D:11)
  A swamp drake (D:9)
  9 ice beasts
  A black bear (D:8)
  7 orc warriors
  2 sky beasts
  An ogre (D:8)
  2 phantoms
  10 centaurs
  2 big kobolds
  9 bullfrogs
  4 scorpions
  4 killer bees
  3 wights (D:10)
  6 howler monkeys
  A centaur zombie (Ossuary)
  5 crimson imps
  6 orc priests
  3 centaur skeletons
  A jelly (D:5)
  A bullfrog skeleton (D:6)
  4 hounds
  5 iguanas
  Jessica (D:2)
  Natasha (thrice) (D:4)
  12 orc wizards
  Ijyb (D:3)
  6 worker ants
  2 big kobold zombies (Ossuary)
  A hound skeleton (D:7)
  2 mummies (Ossuary)
  3 worker ant zombies
  Robin (D:2)
  A howler monkey zombie (D:5)
  8 adders
  7 gnolls (D:6)
  4 shadow imps
  An ooze (D:2)
  4 adder zombies
  2 adder skeletons
  4 worms (D:3)
  7 dart slugs
  4 leopard geckos
  53 orcs
  8 giant cockroaches
  15 goblins
  8 hobgoblins
  13 jackals
  8 quokkas
  10 bats
  4 frilled lizards
  2 goblin zombies
  11 hobgoblin zombies (Ossuary)
  A jackal zombie (Ossuary)
  19 kobolds
  9 kobold zombies (Ossuary)
  A leopard gecko skeleton (D:5)
  7 orc zombies (Ossuary)
  4 rats
  3 rat zombies (Ossuary)
351 creatures vanquished.

Vanquished Creatures (collateral kills)
  An orc knight (Bailey)
  An orc warrior (Bailey)
  An orc (Bailey)
3 creatures vanquished.

Vanquished Creatures (others)
  2 orc warriors
  A fire bat (Bailey)
3 creatures vanquished.

Grand Total: 357 creatures vanquished

Notes
Turn   | Place    | Note
-------+----------+-------------------------------------------
     0 | D:1      | EnegeticOcto the Naga Air Elementalist began the quest for
                  | the Orb.
     0 | D:1      | Reached XP level 1. HP: 15/15 MP: 3/3
     0 | D:1      | Upgraded the game from 0.24.0-5-g267a8d59f4 to
                  | 0.24.0-10-g970556be89
   116 | D:1      | Reached skill level 1 in Fighting
   146 | D:1      | Reached XP level 2. HP: 13/25 MP: 0/5
   663 | D:1      | Reached XP level 3. HP: 15/33 MP: 1/6
  1238 | D:2      | Learned a level 3 spell: Static Discharge
  1241 | D:2      | Learned a level 2 spell: Swiftness
  1486 | D:2      | Reached XP level 4. HP: 38/42 MP: 7/7
  1514 | D:2      | Noticed Robin
  1515 | D:2      | Noticed Jessica
  1557 | D:2      | Killed Robin
  1559 | D:2      | Killed Jessica
  1813 | D:2      | Reached XP level 5. HP: 50/51 MP: 8/8
  1840 | D:2      | Noticed Sigmund
  1863 | D:2      | Killed Sigmund
  1863 | D:2      | Reached XP level 6. HP: 14/62 MP: 0/9
  3259 | D:3      | Reached skill level 1 in Axes
  3259 | D:3      | Reached XP level 7. HP: 59/70 MP: 10/10
  3282 | D:3      | Reached skill level 2 in Axes
  3646 | D:3      | Noticed Ijyb
  3665 | D:3      | Killed Ijyb
  3733 | D:3      | Reached skill level 3 in Axes
  4209 | D:4      | Found an ornate altar of the Wu Jian Council.
  4218 | D:4      | Noticed Natasha
  4227 | D:4      | Killed Natasha
  4328 | D:4      | Found a staircase to the Ecumenical Temple.
  4333 | D:4      | Noticed Natasha
  4345 | D:4      | Killed Natasha
  4350 | Temple   | Entered the Ecumenical Temple
  4464 | Temple   | Became a worshipper of Gozag Ym Sagoz the Greedy
  4568 | D:4      | Found a shimmering altar of Xom.
  4580 | D:4      | Found a shimmering altar of Xom.
  4580 | D:4      | Found a shimmering altar of Xom.
  4588 | D:4      | Found a shimmering altar of Xom.
  4589 | D:4      | Found a shimmering altar of Xom.
  4591 | D:4      | Found a shimmering altar of Xom.
  4591 | D:4      | Found a shimmering altar of Xom.
  4794 | D:4      | Noticed Natasha
  4809 | D:4      | Killed Natasha
  4809 | D:4      | Reached skill level 4 in Axes
  4913 | D:4      | Reached XP level 8. HP: 70/80 MP: 11/11
  5080 | D:5      | Entered Level 5 of the Dungeon
  5358 | D:5      | Reached skill level 5 in Axes
  6324 | D:6      | Reached skill level 6 in Axes
  6866 | D:6      | Found a sand-covered staircase.
  6873 | Ossuary  | Entered an ossuary
  7072 | Ossuary  | Reached skill level 7 in Axes
  7079 | Ossuary  | Reached XP level 9. HP: 59/90 MP: 12/12
  7506 | D:6      | Reached skill level 8 in Axes
  8424 | D:7      | Reached skill level 9 in Axes
  9381 | D:7      | Reached XP level 10. HP: 90/100 MP: 13/13
  9553 | D:8      | Got a fine leather armour
  9565 | D:8      | Identified the +3 leather armour of Blue Skies {Str+3} (You
                  | found it on level 8 of the Dungeon)
  9567 | D:8      | Found a shadowy altar of Dithmenos.
  9586 | D:8      | Found a sparkling altar of Nemelex Xobeh.
  9622 | D:8      | Reached skill level 1 in Armour
  9623 | D:8      | Found a flagged portal.
  9651 | Bailey   | Entered a bailey
  9734 | Bailey   | Reached skill level 10 in Axes
  9968 | Bailey   | Noticed an orc knight
 10264 | Bailey   | Killed an orc knight
 10538 | Bailey   | Gained mutation: You can exhale a cloud of poison. [potion
                  | of mutation]
 10538 | Bailey   | Gained mutation: You are resistant to electric shocks.
                  | (rElec) [potion of mutation]
 11161 | D:9      | Reached skill level 10 in Fighting
 11190 | D:9      | Reached skill level 1 in Shields
 11190 | D:9      | Reached skill level 1 in Evocations
 11803 | D:9      | Found a staircase to the Lair.
 11903 | D:9      | Found a staircase to the Orcish Mines.
 11940 | D:9      | Identified the cursed +0 chain mail of Zuirif {rElec MR-
                  | Int+5}
 12563 | D:9      | Found a basalt altar of Yredelemnul.
 12564 | D:9      | Found an iron altar of Okawaru.
 12651 | D:10     | Entered Level 10 of the Dungeon
 12677 | D:10     | Reached XP level 11. HP: 92/109 MP: 14/14
 12944 | D:10     | Reached skill level 11 in Axes
 13376 | D:10     | Found a blossoming altar of Fedhas.
 13405 | D:10     | Noticed Snorg
 13418 | D:10     | Killed Snorg
 14017 | D:11     | Noticed a green ugly thing
 14045 | D:11     | Killed a green ugly thing
 14125 | D:11     | Noticed a five-headed hydra
 14254 | D:11     | Found a frozen archway.
 14281 | D:11     | Slain by a 15-headed hydra

Levels and vault maps discovered:
D:1:      denvon_arrival_planthouse, layout_loops_ring
D:2:      layout_loops_corners, kennysheep_generic_room_4, uniq_sigmund,
          uniq_robin, uniq_jessica
D:3:      layout_rooms, uniq_ijyb
D:4:      layout_basic, kennysheep_little_box,
          minmay_temple_entry_statues_fountains, first_ration,
          nicolae_xom_altar_mimics, uniq_natasha
D:5:      layout_loops_corners, hangedman_abyss_or_decor_lesser_grid, hex_tiny,
          chequers_mini_garden
D:6:      layout_rooms, enter_ossuary_4, hangedman_abyss_or_decor_stabs,
          supply_closet_lemuel, minmay_fractal_squares_5
D:7:      layout_basic
D:8:      layout_rooms, nemelex_xobeh_ov_fountains_minmay,
          grunt_dithmenos_smoke_and_mirrors, enter_bailey_1
D:9:      layout_loops_cross, gammafunk_temple_overflow_pools,
          erik_lair_orcish_takeover, erik_orc_1
D:10:     kennysheep_ambush_hall, layout_loops_ring, blue_anna_alchemist
          [blue_anna_fruit_fields, blue_anna_fruit_fields], fedhas_altar_3,
          uniq_snorg
D:11:     layout_roguey, serial_shops, nicolae_shop_competitors_out_of_business,
          portal_ice_cave_entry_ice_beasts
Temple:   minmay_crystal_spiral_temple

Skill      XL: |  1  2  3  4  5  6  7  8  9 10 11 |
---------------+----------------------------------+-----
Fighting       | 1 2 3 4 6 7 8 9 10 | 10.5
Axes           | 1 4 7 9 10 11 | 11.4
Dodging        | 3 4 |  4.0
Armour         | 2 3 |  3.5
Shields        | 2 |  2.9
Evocations     | 2 3 |  3.4
Stealth        | |  3.0
Spellcasting   | |  2.0
Conjurations   | |  1.0
Air Magic      | |  3.0

Action                   |  1- 3 |  4- 6 |  7- 9 | 10-12 || total
-------------------------+-------+-------+-------+-------++-------
Melee: Unarmed           |     4 |       |       |       ||     4
       Short sword       |    43 |    27 |       |       ||    70
       Dagger            |       |    58 |   325 |       ||   383
       War axe           |       |       |   252 |   352 ||   604
 Cast: Shock             |    43 |    16 |    10 |    53 ||   122
       Static Discharge  |       |     5 |     2 |       ||     7
 Abil: Spit Poison       |     3 |     4 |     1 |     8 ||    16
       Breathe Poison Ga |       |       |       |     4 ||     4
       Evoke Berserk Rag |       |       |       |     3 ||     3
Evoke: Wand              |       |       |       |    11 ||    11
  Use: Potion            |       |     3 |     1 |    12 ||    16
       Scroll            |       |       |     8 |     4 ||    12
 Stab: Sleeping          |     5 |     3 |    10 |     4 ||    22
       Distracted        |       |       |     3 |     3 ||     6
       Confused          |       |       |       |     1 ||     1
  Eat: Chunk             |     2 |     6 |     3 |       ||    11
       Ration            |       |       |     4 |     5 ||     9
Armor: Robe              |    29 |    38 |   179 |       ||   246
       Skin              |       |       |     7 |       ||     7
       Scale mail        |       |       |    58 |     7 ||    65
       Leather armour    |       |       |       |   186 ||   186
Dodge: Dodged            |    38 |    68 |   258 |   143 ||   507
Block: Large shield      |       |       |       |   226 ||   226
